 Dungeon Crawl Stone Soup version 0.29.1-1-gd02db6906a (webtiles) character file.

Game seed: 12623873927141347168

12371 Earthwalker the Spear-Bearer (level 11, -2/99 HPs)
             Began as a Minotaur Fighter on Oct 14, 2022.
             Was a High Priest of Okawaru.
             Slain by a boulder beetle (11 damage)
             ... on level 11 of the Dungeon.
             The game lasted 00:33:34 (12705 turns).

Earthwalker the Spear-Bearer (Minotaur Fighter)    Turns: 12705, Time: 00:33:35

Health: -2/99      AC: 17    Str: 26    XL:     11   Next: 61%
Magic:  10/10      EV:  9    Int:  5    God:    Okawaru [*****.]
Gold:   641        SH:  5    Dex:  9    Spells: 10/10 levels left

rFire   + . .      SeeInvis +   e - +9 trident "Jusoubb" {flame, Will++}
rCold   . . .      Faith    .   c - +0 buckler
rNeg    . . .      Spirit   .   G - +0 plate armour
rPois   .          Reflect  .   (helmet restricted)
rElec   .          Harm     .   (no cloak)
rCorr   .          Rampage  .   (no gloves)
Will    ++...      Rage     3%  (no boots)
Stlth   ..........              (no amulet)
HPRegen 0.26/turn               j - ring of see invisible
MPRegen 0.12/turn               k - ring of protection from fire

@: no status effects
A: horns 2, retaliatory headbutt, iridescent scales 1, berserk 1, sense
surroundings 1, wild magic 1
a: Renounce Religion, Heroism, Finesse, Duel


You were on level 11 of the Dungeon.
You worshipped Okawaru.
Okawaru was extremely pleased with you.
You visited 2 branches of the dungeon, and saw 13 of its levels.
You also visited: Sewer.

You collected 641 gold pieces.

Inventory:

Hand Weapons
 a - a +1 trident
 e - the +9 trident "Jusoubb" (weapon) {flame, Will++}
   (You found it on level 12 of the Dungeon)

   It burns those it strikes, dealing additional fire damage.
   Will:      It greatly increases your willpower.
 C - a +3 spear
Missiles
 m - 2 curare-tipped darts
 s - a throwing net
 w - 17 poisoned darts (quivered)
 A - 21 boomerangs
 J - 4 javelins
 M - 11 silver javelins
 Q - 4 atropa-tipped darts
Armour
 b - a +0 scale mail
 c - a +0 buckler (worn)
 G - a +0 plate armour (worn)
Jewellery
 j - a ring of see invisible (left hand)
 k - a ring of protection from fire (right hand)
 q - a ring of positive energy
 r - a ring of positive energy
 t - a ring of protection from cold
 H - a ring of protection from cold
 I - a ring of flight
Wands
 l - a wand of polymorph (15)
 z - a wand of flame (85)
 O - a wand of charming (4)
Scrolls
 y - 8 scrolls of teleportation
 E - a scroll of fear
 F - 2 scrolls of vulnerability
 K - a scroll of enchant weapon
 L - 5 scrolls of identify
 N - a scroll of noise
 P - a scroll of enchant armour {unknown}
Potions
 d - 2 potions of might
 f - 2 potions of lignification
 g - 3 potions of brilliance
 h - 3 potions of haste
 i - 11 potions of curing
 n - 2 potions of heal wounds
 o - a potion of berserk rage
 p - 5 potions of attraction
 u - 3 potions of invisibility {unknown}
 v - 2 potions of cancellation {unknown}
 x - a potion of experience {unknown}
 B - 3 potions of flight {unknown}
 D - a potion of magic {unknown}


   Skills:
 * Level 10.0 Fighting
 * Level 12.8 Polearms
 + Level 1.4 Throwing
 * Level 12.6 Armour
 * Level 6.6 Dodging
 + Level 0.9 Stealth
 * Level 7.8 Shields


You had 10 spell levels left.
You didn't know any spells.
Your spell library contained the following spells:

 Spells                   Type           Power      Damage    Failure   Level
 Necrotise                Necr           0%         1d4       99%         1
 Vampiric Draining        Necr           0%         2d6       100%        3
 Airstrike                Air            0%         2d(0-16)  100%        4
 Hailstorm                Conj/Ice       0%         3d3       100%        4
 Ice Form                 Ice/Tmut       0%         N/A       100%        4
 Petrify                  Tmut/Erth      0%         N/A       100%        4
 Agony                    Necr           0%         N/A       100%        5
 Blade Hands              Tmut           0%         N/A       100%        5
 Lightning Bolt           Conj/Air       0%         1d11      100%        5
 Metabolic Englaciation   Hex/Ice        0%         N/A       100%        5
 Iron Shot                Conj/Erth      0%         9d1       100%        6
 Statue Form              Tmut/Erth      0%         N/A       100%        6
 Animate Armour           Summ/Erth      Unusable   N/A       N/A         4
 Summon Lightning Spire   Summ/Air       Unusable   N/A       N/A         4
 Simulacrum               Ice/Necr       Unusable   N/A       N/A         6
 Malign Gateway           Summ/Tloc      Unusable   N/A       N/A         7
 Summon Horrible Things   Summ           Unusable   N/A       N/A         8

Dungeon Overview and Level Annotations

Branches:
Dungeon (12/15)            Temple (1/1) D:6            Lair (0/5) D:11
  Sewer (visited)
    Orc: D:9-12

Altars:
Ashenzari
Cheibriados
Dithmenos
Elyvilon
Fedhas
Gozag
Hepliaklqana
Kikubaaqudgha
Makhleb
Nemelex Xobeh
Okawaru
Qazlal
Ru
Sif Muna
Trog
Uskayaw
Vehumet
Wu Jian
Xom
Yredelemnul
Zin
The Shining One

Shops:
D:5 (   D:11 *

Annotations:
D:6 1 runed translucent door, Pingasnik's ghost, novice MiBe


Innate Abilities, Weirdness & Mutations

You have a pair of horns on your head.
You reflexively headbutt those who attack you in melee.
You are partially covered in iridescent scales. (AC +2)
You sometimes lose your temper in combat.
You passively map a small area around you.
Your spells are a little harder to cast, but a little more powerful.


Message History

Items here: ) = [ †.
You barely miss the boulder beetle.
The boulder beetle is moderately wounded.
The boulder beetle bites you.
* * * LOW HITPOINT WARNING * * *
You hit the boulder beetle but do no damage.
The boulder beetle is moderately wounded.
The boulder beetle bites you but does no damage.
You hit the boulder beetle but do no damage.
The boulder beetle is moderately wounded.
You hit the boulder beetle but do no damage.
The boulder beetle is moderately wounded.
The boulder beetle leaps!
You see here a killer bee corpse.
You start resting.
A boulder beetle is nearby!
Throw: 18 darts (poison)
Press: ? - help, Q - select action, (/) - cycle Shift-Dir - straight line, f/p - boulder beetle
Aim: a boulder beetle (heavily wounded, poisoned, 90% to hit)
You throw a poisoned dart.
The poisoned dart hits the boulder beetle.
The boulder beetle looks even sicker.
The boulder beetle is heavily wounded.
Reach: e) +9 trident "Jusoubb" {flame, Will++}
Press: ? - help, Dir - move target, f/p - boulder beetle
Aim: a boulder beetle (heavily wounded, very poisoned, about 8% to evade the +9 trident "Jusoubb")
You reach to attack!
You hit the boulder beetle but do no damage.
The boulder beetle is heavily wounded.
The boulder beetle curls into a ball and begins rolling!
The boulder beetle hits you!
* * * LOW HITPOINT WARNING * * *
The boulder beetle stops rolling and uncurls.
You see here a killer bee corpse.
You hit the boulder beetle but do no damage.
The boulder beetle is heavily wounded.
You hit the boulder beetle but do no damage.
The boulder beetle is severely wounded.
The boulder beetle bites you!
You die...

#.#...#........
#...∩..........
##.#...#.#......
#...#.#.........
#(..............
#(###...##......
#.#.).####...#.#
####(..###
#..##.# #.@B<###
####..##[.
####.#
#.....).## #.#
#......... #.#
#.......## #.#
#........ #.#
####.#..## #.#
**#...## #.#
,..... #>#
.....#


You could see a boulder beetle (poisoned).

Vanquished Creatures
  2 two-headed ogres
  Urug (D:11)
  Pikel (D:8)
  A manticore (D:11)
  A kobold demonologist (D:11)
  3 trolls
  A hornet (D:7)
  A slime creature (D:10)
  A wyvern (D:7)
  3 shadows
  16 yaks
  A steam dragon (D:8)
  4 vampire mosquitoes (D:11)
  4 water moccasins
  3 wargs (D:11)
  2 acid dragons
  6 orc warriors
  2 black bears
  2 ogres
  4 lemures (D:8)
  A centaur (D:8)
  2 phantoms
  4 bullfrogs
  5 kobold brigands
  13 killer bees
  9 wights
  2 howler monkeys
  5 hounds
  8 orc priests
  6 jellies
  A gnoll bouda (D:4)
  2 iguanas (D:6)
  6 orc wizards
  Robin (D:4)
  22 gnolls
  3 adders
  A shadow imp (D:6)
  A white imp (D:6)
  2 ufetubi
  A worm (D:2)
  A dart slug (D:3)
  47 orcs
  10 ball pythons
  8 endoplasms
  4 giant cockroaches
  10 goblins
  13 hobgoblins
  8 jackals
  12 kobolds
  3 quokkas
  6 bats
  2 frilled lizards (Sewer)
  7 rats
285 creatures vanquished.

Vanquished Creatures (others)
  6 plants
6 creatures vanquished.

Grand Total: 291 creatures vanquished

Notes
Turn   | Place    | Note
-------+----------+-------------------------------------------
     0 | D:1      | Earthwalker the Minotaur Fighter began the quest for the
                  | Orb.
     0 | D:1      | Reached XP level 1. HP: 19/19 MP: 0/0
   384 | D:1      | Reached XP level 2. HP: 27/27 MP: 1/1
   815 | D:2      | Reached XP level 3. HP: 25/33 MP: 2/2
  1098 | D:2      | Reached XP level 4. HP: 30/40 MP: 3/3
  1244 | D:2      | Found a faded altar of an unknown god.
  1279 | D:2      | Reached skill level 1 in Dodging
  1962 | D:3      | Found a hide-covered altar of Uskayaw.
  2057 | D:3      | Reached XP level 5. HP: 40/46 MP: 4/4
  2371 | D:4      | Reached skill level 5 in Armour
  2419 | D:4      | Found a glowing drain.
  2553 | Sewer    | Entered a sewer
  2608 | Sewer    | Reached skill level 5 in Polearms
  2608 | Sewer    | Reached XP level 6. HP: 20/53 MP: 5/5
  3222 | D:4      | Reached XP level 7. HP: 57/60 MP: 6/6
  3544 | D:4      | Reached skill level 5 in Fighting
  3819 | D:4      | Reached skill level 5 in Shields
  3862 | D:4      | Noticed Robin
  3914 | D:4      | Killed Robin
  4127 | D:5      | Entered Level 5 of the Dungeon
  4138 | D:4      | Reached XP level 8. HP: 10/68 MP: 7/7
  4913 | D:5      | Found Jipnanee's Antique Weapon Shoppe.
  5462 | D:6      | Found a staircase to the Ecumenical Temple.
  5472 | Temple   | Entered the Ecumenical Temple
  5495 | Temple   | Became a worshipper of Warmaster Okawaru
  6379 | D:6      | Found a runed translucent door.
  6379 | D:6      | Noticed Pingasnik's ghost (novice MiBe)
  6931 | D:6      | Gained mutation: You occasionally shout uncontrollably at
                  | your foes. [potion of mutation]
  6931 | D:6      | Gained mutation: You are robust. (+10% HP) [potion of
                  | mutation]
  6946 | D:7      | Reached * piety under Okawaru
  6947 | D:7      | Reached XP level 9. HP: 34/84 MP: 8/8
  7171 | D:7      | Lost mutation: You are robust. (+10% HP) [potion of
                  | mutation]
  7171 | D:7      | Lost mutation: You occasionally shout uncontrollably at
                  | your foes. [potion of mutation]
  7171 | D:7      | Gained mutation: You sometimes lose your temper in combat.
                  | [potion of mutation]
  7171 | D:7      | Gained mutation: Your spells are a little harder to cast,
                  | but a little more powerful. [potion of mutation]
  7171 | D:7      | Gained mutation: You passively map a small area around you.
                  | [potion of mutation]
  7171 | D:7      | Gained mutation: You are partially covered in iridescent
                  | scales. (AC +2) [potion of mutation]
  7848 | D:7      | You fall into a shaft and drop 3 floors!
  7848 | D:10     | Entered Level 10 of the Dungeon
  7867 | D:10     | Noticed a boulder beetle
  7868 | D:10     | Found a shimmering altar of Xom.
  8163 | D:9      | Reached ** piety under Okawaru
  8235 | D:9      | Reached skill level 5 in Dodging
  8475 | D:8      | Reached skill level 10 in Polearms
  8501 | D:8      | Reached skill level 10 in Armour
  8529 | D:8      | Noticed Pikel
  8615 | D:8      | Killed Pikel
  8615 | D:8      | Reached *** piety under Okawaru
  8616 | D:8      | Reached XP level 10. HP: 69/88 MP: 9/9
  8701 | D:8      | Found a burning altar of Makhleb.
  9017 | D:7      | Paralysed by a hornet for 1 turns
  9480 | D:8      | Found a sparkling altar of Nemelex Xobeh.
  9809 | D:8      | Found an ancient bone altar of Kikubaaqudgha.
  9925 | D:9      | Noticed a sun demon
  9928 | D:9      | Noticed a smoke demon
 10143 | D:10     | Found an ornate altar of the Wu Jian Council.
 10181 | D:10     | Reached **** piety under Okawaru
 10287 | D:10     | HP: 1/90 [orc warrior/+0 halberd (10)]
 10306 | D:10     | Noticed a soul eater
 10307 | D:10     | Noticed a smoke demon
 10307 | D:10     | HP: 4/90 [killer bee (2)]
 10308 | D:10     | Noticed a sun demon
 10420 | D:11     | Reached ***** piety under Okawaru
 10437 | D:11     | Noticed Urug
 10439 | D:11     | Noticed a two-headed ogre
 10456 | D:12     | Noticed a two-headed ogre
 10470 | D:12     | Killed a two-headed ogre
 10470 | D:12     | Received a gift from Okawaru
 10471 | D:12     | Reached XP level 11. HP: 7/97 MP: 10/10
 10474 | D:12     | HP: 4/97 [orc wizard/magic dart (4)]
 10489 | D:12     | Noticed a two-headed ogre
 10881 | D:11     | Killed Urug
 11007 | D:11     | Reached skill level 1 in Throwing
 11753 | D:12     | Identified the +9 trident "Jusoubb" {flame, Will++}
 11775 | D:12     | Noticed a deep elf pyromancer
 11775 | D:12     | Noticed a deep elf pyromancer
 11928 | D:11     | Found a staircase to the Lair.
 12255 | D:11     | Killed a two-headed ogre
 12306 | D:11     | Reached skill level 10 in Fighting
 12588 | D:11     | Found Fesulal's Overcharged Wands.
 12705 | D:11     | Slain by a boulder beetle

Illustrated notes

Levels and vault maps discovered:
D:1:      minmay_arrival_widening_spiral_narrow, layout_basic,
          kennysheep_decorative_pillar
D:2:      layout_rooms, basic_ecumenical_altar
D:3:      layout_basic, lemuel_doored_altar, nrook_mini_vaults,
          minmay_misc_feat_doors
D:4:      layout_loops_ring, portal_sewer_entry_f, uniq_robin
D:5:      layout_loops_ring, serial_shops, nicolae_shop_hallway_plus,
          dreamdust_gnoll_farm
D:6:      layout_layer_cave, minmay_temple_entry_tees, gammafunk_ghost_grave
D:7:      layout_basic
D:8:      layout_rooms, mainiacjoe_overflow_tiny_flanked,
          nicolae_overflow_crystal_walls, mainiacjoe_overflow_alcove_4,
          minmay_misc_feat_rows, uniq_pikel
D:9:      layout_rooms, eino_house_with_fridge
D:10:     layout_rooms, nzn_wu_jian_contemplation,
          minmay_orc_entry_temple_small, minmay_ruined_shrine
D:11:     layout_rooms, erik_lair_orcish_takeover,
          nicolae_shop_overcharged_wands, uniq_urug
D:12:     layout_cave_pools, serial_column_ruins, column_ruins_corridor_T,
          column_ruins_open_large, column_ruins_open_tiny,
          column_ruins_corridor_T, column_ruins_corridor_straight
Temple:   bh_familiar_temple

Skill      XL: |  1  2  3  4  5  6  7  8  9 10 11 |
---------------+----------------------------------+-----
Fighting       | 4 5 6 7 9 10 | 10.0
Shields        | 4 5 6 7 |  7.8
Armour         | 4 5 6 8 10 11 12 | 12.6
Polearms       | 3 4 5 6 7 9 10 12 | 12.8
Dodging        | 1 2 3 5 6 |  6.6
Throwing       | 1 |  1.4
Stealth        | |  0.9

Action                   |  1- 3 |  4- 6 |  7- 9 | 10-12 || total
-------------------------+-------+-------+-------+-------++-------
Melee: Trident           |    72 |   186 |   120 |    66 ||   444
       Headbutt          |     7 |    24 |    65 |    68 ||   164
       Spear             |       |       |   304 |   297 ||   601
Throw: Dart              |       |       |     3 |    15 ||    18
       Throwing net      |       |       |       |     1 ||     1
  Use: Scroll            |       |     9 |     6 |       ||    15
       Potion            |       |       |     2 |       ||     2
 Stab: Distracted        |       |     1 |       |       ||     1
Armor: Scale mail        |    16 |    64 |    53 |       ||   133
       Plate armour      |       |       |    42 |   108 ||   150
Dodge: Dodged            |    20 |    60 |    98 |    86 ||   264
Block: Buckler           |    11 |    33 |    53 |    45 ||   142
